Map: Frozen Temple

Players

Miszu - Winner!

  • Race: Terran Terran
  • League: Master

llllllllllll

  • Race: Zerg Zerg
  • League: Master

VOD

Have the link to the VOD?

Description

Time

  • Played on: April 18, 2016, 2:24 p.m.
  • Length: 11:30
Show
View Real Time Build Order
Export as new Build Order

Miszu Terran - Winner!

Build Orders: Reaper Expand, MMM Bio 

Get SALT Encoding   

  12  0:00  SCV  
  13  0:12  SCV  
  14  0:18  Supply Depot  
  14  0:24  SCV  
  15  0:40  SCV  
  15  0:42  Barracks  
  16  0:44  Refinery  
  16  0:52  SCV  
  17  1:04  SCV  
  18  1:16  SCV  
  19  1:29  Orbital Command  
  19  1:30  Reaper  
  20  1:40  Command Center  
  20  1:50  Supply Depot  
  20  1:55  SCV  
  21  2:02  Marine  
  21  2:07  SCV  
  23  2:14  Factory  
  23  2:19  SCV  
  24  2:25  Barracks Reactor  
  24  2:31  SCV  
  25  2:44  SCV  
  25  2:49  Command Center  
  25  2:51  Barracks  
  26  2:56  SCV  
  27  3:04  Orbital Command  
  27  3:09  SCV  
  28  3:17  Hellion x2, Barracks Tech Lab  
  32  3:21  SCV  
  33  3:32  SCV  
  33  3:33  SCV  
  33  3:37  Marauder  
  33  3:39  Marine  
  36  3:44  SCV  
  36  3:45  Stimpack, SCV  
  38  3:57  Barracks, SCV  
  38  4:01  Marauder  
  38  4:02  SCV  
  42  4:03  Factory Reactor  
  42  4:09  SCV  
  42  4:13  Orbital Command  
  42  4:14  SCV  
  43  4:19  Refinery  
  43  4:21  SCV  
  44  4:26  SCV  
  44  4:27  Marine  
  44  4:28  Marine x2  
  48  4:38  Engineering Bay, SCV  
  49  4:39  SCV  
  49  4:40  Engineering Bay, SCV  
  51  4:45  Marine  
  51  4:47  Factory Reactor  
  51  4:49  Marine  
  51  4:50  SCV  
  51  4:51  Marauder, SCV  
  57  4:55  SCV  
  58  5:02  SCV  
  58  5:03  Marine  
  56  5:07  Marine  
  56  5:09  Terran Infantry Armor Level 1  
  56  5:10  Terran Infantry Weapons Level 1  
  56  5:11  Refinery  
  56  5:12  SCV  
  56  5:13  Refinery  
  61  5:14  Orbital Command  
  61  5:19  SCV  
  61  5:20  Supply Depot  
  58  5:21  Marine  
  58  5:23  Supply Depot, Missile Turret  
  58  5:25  Missile Turret  
  58  5:27  SCV  
  60  5:30  Missile Turret  
  60  5:35  Starport  
  60  5:37  SCV, Missile Turret  
  60  5:40  Factory Reactor  
  60  5:41  Marine x4  
  60  5:42  SCV x2  
  67  5:46  Supply Depot  
  68  5:50  SCV  
  68  5:54  SCV  
  68  5:57  SCV  
  70  6:00  Marauder  
  69  6:14  Marine x3  
  69  6:15  Marine, Medivac x2  
  69  6:16  Widow Mine x2  
  81  6:21  Supply Depot, Marine  
  81  6:23  Supply Depot  
  81  6:24  SCV  
  81  6:25  SCV  
  84  6:26  SCV  
  84  6:32  Barracks  
  85  6:33  Barracks  
  85  6:42  Marine x5  
  85  6:45  Barracks  
  85  6:46  Barracks  
  90  6:50  Barracks  
  88  7:00  Marine x5, Combat Shields  
  93  7:04  Supply Depot  
  95  7:10  Supply Depot  
  95  7:11  SCV x3  
  98  7:18  Marine  
  95  7:23  SCV x2  
  95  7:26  Marauder  
  85  7:30  Factory Tech Lab  
  85  7:31  Marine x3  
  85  7:34  Barracks Reactor  
  85  7:35  Barracks Reactor x2  
  85  7:36  Medivac x2  
  92  7:37  Barracks Tech Lab  
  92  7:40  SCV  
  92  7:41  SCV x2  
  92  7:42  Marine  
  96  7:45  Supply Depot  
  96  7:47  Marine x2  
  96  7:48  Marine  
  96  7:49  Siege Tank  
  102  7:51  Marine  
  102  7:56  Supply Depot x2  
  103  7:58  Supply Depot  
  103  8:04  Marine, Marauder  
  108  8:06  Marauder  
  108  8:09  Medivac x2  
  108  8:11  Concussive Shells  
  108  8:12  Marine x5  
  113  8:16  Marine  
  118  8:22  Marine  
  118  8:26  Supply Depot, Marauder  
  121  8:27  Marauder  
  114  8:39  Marine x11  
  114  8:40  Marine  
  125  8:41  Siege Tank  
  125  8:42  Medivac x2  
  125  8:45  Supply Depot  
  125  8:47  Marine  
  125  8:48  Marine  
  134  8:54  Armory  
  134  8:56  Marine  
  134  8:57  Marine x2  
  134  8:59  Marine  
  134  9:00  Marine x3  
  134  9:01  Marine x2  
  141  9:05  Marauder  
  143  9:10  Marine  
  143  9:12  Supply Depot  
  143  9:13  Supply Depot, Marine x3  
  143  9:14  Marine, Siege Tank  
  143  9:15  Marine, Medivac  
  154  9:20  Supply Depot  
  154  9:24  Marine x5  
  157  9:31  Marine  
  157  9:32  Marine x5  
  157  9:34  Marine  
  157  9:35  Medivac  
  166  9:41  Marine, Marauder  
  166  9:42  Marine x3  
  166  9:45  Widow Mine  
  172  9:48  Marine  
  172  9:49  Medivac  
  172  9:50  Marine x5  
  181  10:01  Marine  
  181  10:05  Marine  
  181  10:06  Marauder  
  185  10:10  Medivac  
  185  10:12  Marine  
  188  10:17  Supply Depot x2  
  188  10:19  Supply Depot  
  188  10:25  Marine  
  188  10:28  Marauder  
  188  10:33  Marine x2, Marauder  
  188  10:34  Marine  
  189  10:40  Marine x4  
Show
View Real Time Build Order
Export as new Build Order

llllllllllll Zerg 

Build Orders: Pool First 

Get SALT Encoding   

  12  0:01  Drone  
  13  0:08  Drone  
  14  0:17  Overlord  
  14  0:23  Extractor, Drone  
  15  0:36  Drone x2  
  17  0:45  Drone  
  18  0:52  Spawning Pool  
  18  0:55  Drone  
  18  1:11  Hatchery  
  18  1:13  Extractor  
  18  1:15  Drone  
  17  1:19  Drone  
  18  1:27  Drone  
  19  1:38  Queen  
  19  1:39  Zergling x2  
  22  1:48  Roach Warren, Drone  
  22  1:59  Overlord  
  22  2:16  Queen  
  24  2:23  Queen  
  26  2:31  Roach x3  
  32  2:40  Overlord  
  32  2:45  Drone  
  32  2:46  Drone  
  32  2:49  Drone  
  35  2:56  Drone  
  36  3:00  Drone x2  
  36  3:04  Overlord  
  38  3:09  Drone x2  
  39  3:19  Lair  
  39  3:21  Drone  
  40  3:28  Drone  
  40  3:29  Drone x2  
  43  3:36  Drone x3  
  43  3:38  Drone x2  
  48  3:45  Extractor, Drone  
  48  3:46  Extractor, Drone  
  48  3:50  Overlord  
  48  3:55  Extractor  
  47  3:58  Drone x2  
  49  4:14  Drone x2  
  49  4:15  Drone x2  
  53  4:19  Spire  
  53  4:23  Spine Crawler  
  51  4:25  Drone x3  
  51  4:30  Drone x3, Spine Crawler  
  56  4:45  Overlord x2  
  56  4:46  Drone  
  56  4:47  Drone x2  
  56  4:51  Ravager  
  60  5:05  Drone x3  
  60  5:10  Roach x4  
  68  5:19  Overlord  
  68  5:30  Mutalisk  
  68  5:31  Mutalisk x3  
  76  5:35  Overlord  
  76  5:38  Hatchery  
  76  5:40  Glial Reconstitution  
  76  5:41  Evolution Chamber x2  
  73  5:48  Drone x2  
  73  5:49  Drone x2  
  77  5:56  Drone x3  
  80  6:05  Roach  
  80  6:06  Roach x3  
  80  6:15  Roach  
  80  6:16  Zerg Missile Weapons Level 1  
  80  6:17  Zerg Ground Armor Level 1  
  75  6:26  Roach x4  
  83  6:35  Roach  
  83  6:36  Extractor, Ravager x4  
  83  6:37  Extractor  
  87  6:40  Roach x2  
  87  6:42  Overlord  
  91  6:47  Overlord  
  91  6:48  Overlord  
  91  6:56  Roach x4  
  97  7:03  Roach x2  
  97  7:04  Roach  
  97  7:06  Ravager x2  
  105  7:17  Overseer  
  105  7:20  Roach x2  
  105  7:21  Roach x3  
  113  7:28  Roach x3  
  105  7:30  Roach  
  107  7:40  Roach x3  
  107  7:41  Roach  
  107  7:43  Ravager x2  
  117  7:48  Roach  
  117  7:49  Roach  
  121  7:51  Ravager  
  121  7:56  Overlord  
  116  8:07  Roach  
  116  8:08  Roach x2  
  122  8:14  Ravager  
  122  8:18  Roach x3  
  129  8:20  Overlord  
  127  8:30  Roach  
  127  8:31  Roach x4  
  116  8:39  Roach x3  
  122  8:41  Ravager  
  122  8:42  Ravager x4  
  122  8:46  Roach  
  130  8:48  Ravager  
  130  9:01  Overlord  
  130  9:02  Overlord  
  130  9:20  Roach  
  130  9:21  Roach x7  
  146  9:35  Overlord x2  
  146  9:43  Overseer  
  146  9:57  Roach  
  146  9:58  Roach x7  
  159  10:00  Drone  
  160  10:09  Ravager  
  160  10:11  Ravager  
  160  10:32  Roach x3  
  158  10:39  Roach x4  
  153  10:44  Spine Crawler  
  153  10:45  Spine Crawler x2  
  153  10:46  Spine Crawler  
  153  10:47  Roach  
  153  10:48  Roach x2  
Tags
 
Add a new tag
Caveats
  • Supply blocks, unpowered buildings, or Contaminate may cause inaccurate times.
  • Supply counts are checked every 10 seconds.